 Dungeon Crawl Stone Soup version 0.32-a0-616-g9348d4545b (webtiles) character file.

Game seed: 446015711115724085

2062 croobank the Covert (level 9, -3/70 HPs)
             Began as a Felid Delver on Mar 5, 2024.
             Was an Initiate of Gozag.
             Slain by a killer bee (5 damage)
             ... on level 7 of the Dungeon.
             The game lasted 00:20:45 (6939 turns).

croobank the Covert (Felid Delver)                  Turns: 6939, Time: 00:20:46

Health: -3/70      AC: 24    Str: 11      XL:     9   Next: 5%
Magic:  17/17      EV:  4    Int: 20      God:    Gozag
Gold:   127        SH:  0    Dex: 16 (17) Spells: 14/17 levels left
                                        Lives:  0   Deaths: 3

rFire   . .          .
                       - Unarmed
rCold   . . .        (shield unavailable)
rNeg    . . .        (body armour unavailable)
rPois   +            (helmet unavailable)
rElec   .            (cloak unavailable)
rCorr   .            (gloves unavailable)
SInv    +            (boots unavailable)
Will    +....        (no amulet)
Stlth   ++++         g - ring of poison resistance
HPRegen 0.31/turn    (no ring)
MPRegen 0.15/turn

%: no passive effects
@: tree-form
A: stationary, stasis, torment immunity, boosted hp, very small, (claws 1),
(fangs 3), see invisible, (shaggy fur 2), (stealthy paws), no weapons or thrown
items, no armour, multi-lived, clever 1, (poison resistance), strong 1
a: Renounce Religion, Potion Petition, Call Merchant, Bribe Branch


You were on level 7 of the Dungeon.
You worshipped Gozag.
Gozag was aware of your devotion.
You were a tree.
You visited 1 branch of the dungeon, and saw 7 of its levels.

You collected 581 gold pieces.
You spent 403 gold pieces at shops.
You paid 51 gold pieces to Gozag.

Inventory:

Jewellery
 g - a ring of poison resistance (left branch)
Wands
 e - a wand of digging (3)
 i - a wand of polymorph (8)
 n - a wand of flame (17)
Scrolls
 b - 3 scrolls of identify {unknown}
 c - a scroll of brand weapon {unknown}
 d - a scroll of noise {unknown}
 h - a scroll of enchant weapon {unknown}
 m - a scroll of enchant armour {unknown}
 o - a scroll of revelation
 q - 2 scrolls of teleportation
Potions
 f - a potion of cancellation
 j - a potion of brilliance
 l - a potion of curing


   Skills:
 + Level 5.4 Fighting
 + Level 6.6 Dodging
 + Level 9.2 Stealth
 + Level 4.8 Unarmed Combat
 * Level 4.7 Spellcasting
 * Level 7.5 Hexes


You had 14 spell levels left.
You knew the following spells:

 Your Spells              Type           Power      Damage    Failure   Level
a - Confusing Touch       Hex            34%        N/A       1%          3

Your spell library contained the following spells:

 Spells                   Type           Power      Damage    Failure   Level
 Ensorcelled Hibernation  Hex/Ice        38%        N/A       3%          2
 Inner Flame              Hex/Fire       19%        N/A       8%          3
 Kiss of Death            Conj/Necr      16%        2d6       12%         1
 Lesser Beckoning         Tloc           8%         N/A       19%         2
 Gell's Gravitas          Tloc           4%         N/A       34%         3
 Passwall                 Erth           4%         N/A       34%         3
 Swiftness                Air            4%         N/A       34%         3
 Teleport Other           Tloc           4%         N/A       34%         3
 Dispel Undead            Necr           4%         3d7       75%         4
 Flame Wave               Conj/Fire      4%         2d5       75%         4
 Sticky Flame             Fire/Alch      4%         2d4       75%         4


Dungeon Overview and Level Annotations

Branches:
Dungeon (7/15)             Temple (0/1) D:6

Altars:
Cheibriados
Gozag
Hepliaklqana
Qazlal
Ru
Trog
Uskayaw
Xom

Shops:
D:2 (   D:5 *


Innate Abilities, Weirdness & Mutations

You are a tree.
Your roots penetrate the ground, keeping you stationary.
You cannot be teleported.
You are immune to unholy pain and torment.
Your maximum health is greatly increased.
((You have sharp claws.))
((You have razor-sharp teeth.))
You have supernaturally acute eyesight. (SInv)
((You are covered in thick fur. (AC +2)))
((Your paws help you pounce on unaware monsters.))
You are incapable of wielding weapons or throwing items.
You cannot wear armour.
You gain extra lives every three experience levels.
Your mind is acute. (Int +4, Str/Dex -1)
((Your system is resistant to poisons. (rPois)))
Your muscles are strong. (Str +4, Int/Dex -1)


Message History

You feel very sick.
The killer bee attacks as it pursues you!
The killer bee closely misses you. x2; The killer bee stings you.
You are more poisoned.
The killer bee poisons you!
You feel very sick.
The killer bee attacks as it pursues you!
The killer bee misses you. The killer bee stings you.
* * * LOW HITPOINT WARNING * * *
The killer bee closely misses you. The killer bee stings you.
* * * LOW HITPOINT WARNING * * *
* * * LOW HITPOINT WARNING * * *
You feel very sick.
The killer bee attacks as it pursues you!
The killer bee misses you. The killer bee completely misses you.
The killer bee misses you. The killer bee closely misses you.
You feel better. The killer bee stings you.
* * * LOW HITPOINT WARNING * * *
The killer bee misses you. x3
The killer bee attacks as it pursues you!
The killer bee stings you.
* * * LOW HITPOINT WARNING * * *
The killer bee misses you.
You turn into a tree.
Your roots penetrate the ground.
The killer bee stings you.
* * * LOW HITPOINT WARNING * * *
The killer bee stings you but does no damage.
Okay, then.
Okay, then.
You hit the killer bee.
The killer bee is heavily wounded.
The killer bee barely misses you.
The killer bee stings you but does no damage.
You closely miss the killer bee.
The killer bee is heavily wounded.
The killer bee stings you.
* * * LOW HITPOINT WARNING * * *
The killer bee stings you.
You die...
Your body crumbles into a pile of gold.

##.# ##...##
...#####.....##
.<....#.......##
.#.##..>.......#
...##......?...#
.#.............#
...##.#........#
.####.##.....#y######
......#.....##yy♣...#
....###.....#######.#
.#..# #.....# ##.#
.#..# #.....# #..#
.#..# #..... #.##
##..#####.# #.#
.......##.## #.#
....##^#.#.## #.#
.#####..#.#.## #.#


You could see 3 killer bees.

Vanquished Creatures
  Maggie (D:6)
  Eustachio (D:6)
  Duvessa (D:5)
  3 black bears
  A centaur (D:5)
  2 phantoms
  2 bullfrogs (D:5)
  2 scorpions
  4 wights (D:6)
  A bombardier beetle (D:4)
  3 hounds
  2 orc priests (D:4)
  A sleepcap (D:4)
  4 iguanas
  2 orc wizards (D:5)
  7 adders
  8 ufetubi
  4 dart slugs
  3 ribbon worms
  23 orcs
  3 endoplasms
  3 giant cockroaches
  7 goblins
  5 hobgoblins
  7 kobolds
  5 quokkas
  9 ball pythons
  2 bats
  3 frilled lizards
  7 rats
126 creatures vanquished.

Vanquished Creatures (collateral kills)
  An orc priest (D:5)
1 creature vanquished.

Grand Total: 127 creatures vanquished

Notes
Turn   | Place    | Note
-------+----------+-------------------------------------------
     0 | D:5      | croobank the Felid Delver began the quest for the Orb.
     0 | D:5      | Reached XP level 1. HP: 12/12 MP: 2/2
    54 | D:4      | Noticed a bombardier beetle
    74 | D:4      | Noticed a black bear
    80 | D:4      | Noticed a sleepcap
    81 | D:4      | Killed a black bear
    82 | D:4      | Reached skill level 7 in Stealth
    82 | D:4      | Reached XP level 2. HP: 17/17 MP: 3/3
    82 | D:4      | Reached XP level 3. HP: 21/21 MP: 4/4
    82 | D:4      | Reached XP level 4. HP: 25/25 MP: 5/5
    82 | D:4      | Gained a life (2 lives remaining)
   359 | D:2      | Found Zoppafin's Weapon Emporium.
   453 | D:2      | Noticed a scorpion
   643 | D:2      | Reached XP level 5. HP: 24/29 MP: 6/6
   918 | D:1      | Learned a level 3 spell: Confusing Touch
  1029 | D:1      | Found a faded altar of an unknown god.
  1657 | D:2      | Reached skill level 1 in Hexes
  1658 | D:2      | Gained mutation: Your muscles are strong. (Str +4, Int/Dex
                  | -1) [potion of mutation]
  1658 | D:2      | Gained mutation: Your mind is acute. (Int +4, Str/Dex -1)
                  | [potion of mutation]
  1658 | D:2      | Gained mutation: Your system is resistant to poisons.
                  | (rPois) [potion of mutation]
  1661 | D:2      | HP: 1/29 [poisoned by a scorpion]
  1663 | D:2      | Succumbed to a scorpion's poison
  1663 | D:2      | Lost a life (1 life remaining)
  1772 | D:2      | Reached skill level 1 in Spellcasting
  2281 | D:3      | Found a stormy altar of Qazlal.
  2603 | D:3      | Found a hazy altar of Hepliaklqana.
  2604 | D:3      | Found a shimmering altar of Xom.
  2604 | D:3      | Noticed a sphinx zombie
  2605 | D:3      | Noticed a spectral ugly thing
  2660 | D:3      | Found a sacrificial altar of Ru.
  2747 | D:4      | Gained mutation: You are covered in thick fur. (AC +2)
                  | [Felid growth]
  2747 | D:4      | Reached XP level 6. HP: 31/33 MP: 5/8
  2895 | D:4      | HP: 1/33 [sleepcap (6)]
  2895 | D:4      | Slain by a ball python
  2895 | D:4      | Lost a life (0 lives remaining)
  2912 | D:4      | Noticed a +0 dagger
  2912 | D:4      | Noticed a +0 hand axe
  3356 | D:4      | Found a hide-covered altar of Uskayaw.
  3440 | D:4      | Found an opulent altar of Gozag.
  3447 | D:4      | Became a worshipper of Gozag Ym Sagoz the Greedy
  3573 | D:4      | Reached skill level 8 in Stealth
  3871 | D:5      | Reached skill level 5 in Dodging
  3871 | D:5      | Reached XP level 7. HP: 38/38 MP: 7/11
  3871 | D:5      | Gained a life (1 life remaining)
  4111 | D:5      | Noticed Duvessa
  4273 | D:5      | Noticed Dowan
  4282 | D:5      | Slain by a phantom
  4282 | D:5      | Lost a life (0 lives remaining)
  4284 | D:5      | Killed Duvessa
  4636 | D:5      | Reached skill level 5 in Hexes
  4712 | D:6      | Noticed Maggie
  4744 | D:6      | Reached XP level 8. HP: 16/42 MP: 3/13
  4752 | D:6      | Killed Maggie
  4963 | D:6      | Found a snail-covered altar of Cheibriados.
  5052 | D:6      | Reached skill level 5 in Fighting
  5097 | D:6      | Found a staircase to the Ecumenical Temple.
  5233 | D:5      | Reached skill level 9 in Stealth
  5339 | D:5      | Dowan changed into Dowan the brain worm
  5339 | D:5      | Noticed Dowan
  5342 | D:5      | Dowan the brain worm changed into Dowan the bullfrog
  5342 | D:5      | Noticed Dowan
  5346 | D:5      | Killed Dowan the bullfrog
  5776 | D:5      | Found a bloodstained altar of Trog.
  6052 | D:5      | Bought a potion of curing for 39 gold pieces
  6052 | D:5      | Bought a book of Flames for 364 gold pieces
  6644 | D:6      | Noticed Eustachio
  6790 | D:6      | Killed Eustachio
  6791 | D:6      | Reached XP level 9. HP: 47/47 MP: 15/17
  6939 | D:7      | HP: 2/70 [killer bee (4)]
  6939 | D:7      | Slain by a killer bee

Illustrated notes

Levels and vault maps discovered:
D:1:      nzn_arrival_settlement, layout_basic, ebering_ecumenical_altar_mist
D:2:      layout_loops_corners, serial_shops, nicolae_shop_tiny_statue_garden,
          serial_aquarium, aquarium_bridge_straight [aquarium_subvault_bridge,
          aquarium_subvault_wall, aquarium_subvault_bridge,
          aquarium_subvault_wall], aquarium_window_corner,
          aquarium_window_corridor_3, aquarium_window_fake, aquarium_view_2e,
          aquarium_view_2d, aquarium_pool_five
D:3:      layout_loops_ring, regret_index_temple_of_mockery,
          nicolae_qazlal_general_emergency, general_overflow_altar
D:4:      layout_loops_ring, dancing_weapons_uskayaw, lemuel_doored_altar,
          eino_tiny_chamber
D:5:      layout_loops_ring, trog_ov_bears_minmay, nicolae_stop_n_shop_2,
          uniq_duvessa
D:6:      layout_basic, nicolae_overflow_crystal_walls, temple_doors_e,
          nicolae_concentric_dashed_squares_wild, hangedman_decor_push,
          hangedman_abyss_or_decor_stabs, uniq_eustachio, uniq_maggie
D:7:      layout_loops_cross, serial_demonic, serial_demonic_c,
          serial_demonic_a, serial_demonic_e, serial_demonic_b,
          chequers_mini_garden, kennysheep_generic_room_4

Skill      XL: |  1  2  3  4  5  6  7  8 |
---------------+-------------------------+-----
Dodging        | 3 4 5 6 |  6.6
Stealth        | 7 8 9 |  9.2
Unarmed Combat | 3 4 |  4.8
Fighting       | 4 5 |  5.4
Hexes          | 2 3 5 7 |  7.5
Spellcasting   | 1 2 3 4 |  4.7

Action                     |  1- 3 |  4- 6 |  7- 9 || total
---------------------------+-------+-------+-------++-------
  Melee: Unarmed           |     2 |   266 |   242 ||   510
         Bite              |     1 |    31 |    30 ||    62
         Punch             |       |     4 |    11 ||    15
   Cast: Confusing Touch   |       |    13 |    19 ||    32
  Evoke: Wand              |       |       |    10 ||    10
    Use: Scroll            |     1 |     7 |     3 ||    11
         Potion            |       |     5 |     5 ||    10
   Stab: Sleeping          |     1 |    30 |     8 ||    39
         Confused          |       |     5 |     7 ||    12
 Armour: Skin              |       |    64 |   132 ||   196
  Dodge: Dodged            |       |   198 |   422 ||   620

Table legend: (Time is in decaauts)
 A = Elapsed time spent in this place.
 B = Non-inter-level travel time spent in this place.
 C = Inter-level travel time spent in this place.
 D = Time resting spent in this place.
 E = Time spent auto-exploring this place.
 F = Levels seen in this place.
 G = Mean time per level.
                   A        B        C        D        E       F      G
               +--------+--------+--------+--------+--------+-----+--------+
         Total |   6886 |   6659 |    227 |   1443 |   3655 |   7 |  983.7 |
       Dungeon |   6886 |   6659 |    227 |   1443 |   3655 |   7 |  983.7 |
               +--------+--------+--------+--------+--------+-----+--------+

Top non-repeatable levels by time:
     D:5: 1387 daAuts
     D:4: 1321 daAuts
     D:6: 1280 daAuts
     D:2: 1069 daAuts
     D:3: 911 daAuts
     D:1: 831 daAuts
     D:7: 83 daAuts
